 Dungeon Crawl Stone Soup version 0.25-a0-71-ge910a4a285 (webtiles) character file.

Game seed: 10698239049874253890, levelgen mode: deterministic

2660 keltmir the Magician (level 9, 0/69 (71) HPs)
             Began as a Gnoll Skald on Nov 3, 2019.
             Was a Priest of Makhleb.
             Slain by an unseen horror (7 damage)
             ... on level 7 of the Dungeon.
             The game lasted 00:17:48 (8535 turns).

keltmir the Magician (Gnoll Skald)                  Turns: 8535, Time: 00:17:48

HP:   0/69 (71)     AC:  3    Str: 17    XL:     9   Next: 63%
MP:   17/19         EV: 15    Int: 16    God:    Makhleb [***...]
Gold: 295           SH:  0    Dex: 14    Spells: 14/21 levels left

rFire    . . .     SeeInvis .   A - +1 trident (venom)
rCold    . . .     Gourm    .   (no shield)
rNeg     . . .     Faith    .   b - +0 leather armour
rPois    .         Spirit   .   (no helmet)
rElec    .         Reflect  .   (no cloak)
rCorr    .         Harm     .   (no gloves)
MR       .....                  (no boots)
Stlth    ++........             (no amulet)
HPRegen  0.21/turn              (no ring)
MPRegen  0.16/turn              (no ring)

@: no status effects
A: distributed training, fangs 1, strong nose
a: Minor Destruction, Lesser Servant of Makhleb, Renounce Religion


You were on level 7 of the Dungeon.
You worshipped Makhleb.
Makhleb was most pleased with you.
You were not hungry.

You visited 1 branch of the dungeon, and saw 7 of its levels.

You collected 295 gold pieces.

Inventory:

Hand Weapons
 a - a +0 spear
 A - a +1 trident of venom (weapon)
Missiles
 m - 32 poisoned darts (quivered)
 v - 4 javelins
 C - 2 throwing nets
Armour
 b - a +0 leather armour (worn)
 i - a +0 ring mail
 p - a cursed +0 chain mail
 w - a +0 scale mail
Jewellery
 f - an uncursed amulet of guardian spirit {unknown}
 B - a +2 ring of evasion {unknown}
 E - an uncursed ring of fire {unknown}
Wands
 n - a wand of polymorph (17)
 t - a wand of acid (24)
 H - a wand of digging (5)
Scrolls
 s - a scroll of amnesia {unknown}
 u - 2 scrolls of teleportation
 x - a scroll of blinking
 G - a scroll of noise {unknown}
Potions
 c - 2 potions of heal wounds
 e - a potion of berserk rage {unknown}
 g - 3 potions of brilliance
 h - a potion of lignification {unknown}
 j - 2 potions of agility {unknown}
 k - a potion of curing {unknown}
 l - a potion of mutation {unknown}
 o - 2 potions of cancellation {unknown}
 q - 4 potions of degeneration {unknown}
 r - 3 potions of might {unknown}
 z - 2 potions of ambrosia
 D - a potion of flight {unknown}
 F - a potion of haste {unknown}
Miscellaneous
 y - a fan of gales
Comestibles
 d - 8 rations
 I - 4 chunks of flesh


   Skills:
 + Level 6.4 Fighting
 + Level 4.3 Short Blades
 + Level 4.3 Long Blades
 + Level 4.3 Axes
 + Level 4.3 Maces & Flails
 + Level 6.4 Polearms
 + Level 4.3 Staves
 + Level 4.3 Slings
 + Level 4.3 Bows
 + Level 4.3 Crossbows
 + Level 4.3 Throwing
 + Level 5.1 Armour
 + Level 6.4 Dodging
 + Level 4.3 Stealth
 + Level 4.3 Shields
 + Level 4.3 Unarmed Combat
 + Level 6.7 Spellcasting
 + Level 3.6 Conjurations
 + Level 3.6 Hexes
 + Level 6.6 Charms
 + Level 3.6 Summonings
 + Level 3.6 Necromancy
 + Level 3.6 Translocations
 + Level 3.6 Transmutations
 + Level 3.6 Fire Magic
 + Level 3.6 Ice Magic
 + Level 3.6 Air Magic
 + Level 3.6 Earth Magic
 + Level 3.6 Poison Magic
 + Level 4.8 Invocations
 + Level 4.3 Evocations


You had 14 spell levels left.
You knew the following spells:

 Your Spells              Type           Power        Failure   Level  Hunger
a - Infusion              Chrm           ####         1%          1    None
b - Spectral Weapon       Hex/Chrm       ###.....     5%          3    ##.....
c - Regeneration          Chrm/Necr      ###.......   5%          3    ##.....

Your spell library contained the following spells:

 Spells                   Type           Power        Failure   Level  Hunger
 Song of Slaying          Chrm           ####....     1%          2    None
 Shroud of Golubria       Chrm/Tloc      ###...       2%          2    None
 Freeze                   Ice            ###.         3%          1    None
 Throw Frost              Conj/Ice       ###...       5%          2    None
 Ozocubu's Armour         Chrm/Ice       ###.....     5%          3    ##.....
 Summon Ice Beast         Ice/Summ       ###.....     34%         4    ####...
 Throw Icicle             Conj/Ice       ###.....     34%         4    ####...


Dungeon Overview and Level Annotations

Branches:
Dungeon (7/15)             Temple (0/1) D:5

Altars:
Fedhas
Gozag
Hepliaklqana
Makhleb
Wu Jian
The Shining One


Innate Abilities, Weirdness & Mutations

Your experience applies equally to all skills.
You have very sharp teeth.
Your uncanny sense of smell can sniff out nearby items.


Message History

* * * LOW HITPOINT WARNING * * *
Something hits you.
* * * LOW HITPOINT WARNING * * *
Something hits you.
* * * LOW HITPOINT WARNING * * *
Casting: Spectral Weapon (safe; 5% risk of failure)
Confirm with . or Enter, or press ? or * to list all spells.
You draw out your weapon's spirit!
Something hits you.
* * * LOW HITPOINT WARNING * * *
You swap places.
Something hits your spectral weapon!
Your spectral weapon shares its damage with you!
* * * LOW HITPOINT WARNING * * *
Something completely misses your spectral weapon.
Something barely misses your spectral weapon.
Something hits your spectral weapon!
Your spectral weapon shares its damage with you!
Your spectral weapon fades away.
* * * LOW HITPOINT WARNING * * *
Something hits you!
You die...

#.........#..........##.
#.........#.######.#..#.
#.........#.# #######
#.###.#.#.#.# ##_##
#.....#.#.#.# 8...8
#######.#÷#.###### .....
#.#.#......# ..... ∆
#.#.########
#@#........#
#.#######..#
#..........#
#########..#
...........#
......###..#
.........(.#####
....?......(......#
#.........(########


There were no monsters in sight!

Vanquished Creatures
  Grinder (D:3)
  Prince Ribbit (D:7)
  Sigmund (D:3)
  2 phantoms
  A black bear (D:7)
  An ice beast (D:7)
  A sky beast (D:7)
  A necrophage (D:7)
  2 centaurs (D:7)
  3 ogres
  A big kobold (D:4)
  3 wights (D:7)
  A howler monkey (D:4)
  A crimson imp (D:5)
  3 hounds
  2 gnoll shamans
  3 orc priests
  4 orc wizards
  Ijyb (D:2)
  Terence (D:3)
  A bullfrog skeleton (D:3)
  An iguana (D:7)
  Natasha (thrice) (D:2)
  A worker ant (D:4)
  A hound zombie (D:4)
  A worker ant zombie (D:5)
  10 gnolls
  7 adders
  An adder zombie (D:7)
  4 worms
  A dart slug (D:2)
  7 leopard geckos
  13 orcs
  2 ball pythons
  8 bats
  18 giant cockroaches
  6 goblins
  14 hobgoblins
  5 jackals
  7 kobolds
  3 quokkas
  11 frilled lizards
  A jackal zombie (D:6)
  A quokka zombie (D:5)
  9 rats
  A bush (D:4)
171 creatures vanquished.

Vanquished Creatures (others)
  4 spectral weapons
4 creatures vanquished.

Grand Total: 175 creatures vanquished

Notes
Turn   | Place    | Note
-------+----------+-------------------------------------------
     0 | D:1      | keltmir the Gnoll Skald began the quest for the Orb.
     0 | D:1      | Reached XP level 1. HP: 20/20 MP: 6/6
   201 | D:1      | Reached XP level 2. HP: 26/26 MP: 7/7
   508 | D:1      | Reached XP level 3. HP: 22/31 MP: 3/9
   593 | D:1      | Learned a level 3 spell: Spectral Weapon
   636 | D:1      | Reached skill level 5 in Spellcasting
   926 | D:2      | Found a burning altar of Makhleb.
   937 | D:2      | Reached skill level 1 in Short Blades
   937 | D:2      | Reached skill level 1 in Long Blades
   937 | D:2      | Reached skill level 1 in Axes
   937 | D:2      | Reached skill level 1 in Maces & Flails
   937 | D:2      | Reached skill level 1 in Staves
   937 | D:2      | Reached skill level 1 in Slings
   937 | D:2      | Reached skill level 1 in Bows
   937 | D:2      | Reached skill level 1 in Crossbows
   937 | D:2      | Reached skill level 1 in Throwing
   937 | D:2      | Reached skill level 1 in Stealth
   937 | D:2      | Reached skill level 1 in Shields
   937 | D:2      | Reached skill level 1 in Unarmed Combat
   937 | D:2      | Reached skill level 1 in Invocations
   937 | D:2      | Reached skill level 1 in Evocations
   937 | D:2      | Reached XP level 4. HP: 32/38 MP: 8/11
  1006 | D:2      | Became a worshipper of Makhleb the Destroyer
  1376 | D:2      | Found an ornate altar of the Wu Jian Council.
  1406 | D:2      | Noticed Natasha
  1422 | D:2      | Killed Natasha
  1422 | D:2      | Reached skill level 1 in Conjurations
  1422 | D:2      | Reached skill level 1 in Hexes
  1422 | D:2      | Reached skill level 1 in Summonings
  1422 | D:2      | Reached skill level 1 in Necromancy
  1422 | D:2      | Reached skill level 1 in Translocations
  1422 | D:2      | Reached skill level 1 in Transmutations
  1422 | D:2      | Reached skill level 1 in Fire Magic
  1422 | D:2      | Reached skill level 1 in Ice Magic
  1422 | D:2      | Reached skill level 1 in Air Magic
  1422 | D:2      | Reached skill level 1 in Earth Magic
  1422 | D:2      | Reached skill level 1 in Poison Magic
  1704 | D:2      | Reached XP level 5. HP: 40/43 MP: 8/12
  1804 | D:2      | Noticed Natasha
  1815 | D:2      | Killed Natasha
  2120 | D:2      | Found a glowing golden altar of the Shining One.
  2174 | D:3      | Noticed Grinder
  2174 | D:3      | Noticed Ijyb
  2188 | D:2      | HP: 1/43 [acid (10)]
  2195 | D:2      | Killed Ijyb
  2392 | D:3      | Killed Grinder
  2392 | D:3      | Reached skill level 5 in Fighting
  2392 | D:3      | Reached skill level 5 in Polearms
  2392 | D:3      | Reached skill level 5 in Dodging
  2392 | D:3      | Reached XP level 6. HP: 22/51 MP: 12/14
  2750 | D:3      | Reached * piety under Makhleb
  2780 | D:2      | Reached XP level 7. HP: 11/56 MP: 11/15
  2859 | D:2      | Noticed Natasha
  2884 | D:2      | Killed Natasha
  3049 | D:2      | Learned a level 3 spell: Regeneration
  3461 | D:3      | Noticed Sigmund
  3502 | D:3      | Killed Sigmund
  3544 | D:3      | Noticed Terence
  3555 | D:3      | Killed Terence
  3855 | D:4      | Reached XP level 8. HP: 56/63 MP: 16/16
  5038 | D:4      | Reached ** piety under Makhleb
  5204 | D:5      | Entered Level 5 of the Dungeon
  5891 | D:5      | Found a staircase to the Ecumenical Temple.
  5942 | D:5      | Found a hazy altar of Hepliaklqana.
  5942 | D:5      | Found a blossoming altar of Fedhas.
  6481 | D:6      | Reached XP level 9. HP: 69/69 MP: 14/18
  8212 | D:7      | Reached *** piety under Makhleb
  8256 | D:7      | Found an opulent altar of Gozag.
  8260 | D:7      | Noticed Prince Ribbit
  8269 | D:7      | Killed Prince Ribbit
  8269 | D:7      | Reached skill level 5 in Armour
  8535 | D:7      | Slain by an unseen horror

Levels and vault maps discovered:
D:1:      eino_arrival_cavern_a, layout_basic, serial_bayou_pond_d,
          minmay_box_of_dots
D:2:      layout_basic, makhleb_heckhound_becter, old_standard_altar,
          nicolae_tso_carved_into_rock, uniq_natasha
D:3:      minmay_roachtagon, layout_rooms, nrook_mini_vaults,
          minmay_statues_item, minmay_checkerbox, uniq_sigmund, uniq_grinder,
          uniq_terence, uniq_ijyb
D:4:      layout_loops_corners, first_ration, lexackson_kobold_supper
D:5:      layout_loops_corners, gammafunk_temple_overflow_elements,
          minmay_temple_entry_statues_pillars
D:6:      layout_basic
D:7:      layout_basic, nicolae_overflow_hidden_temple,
          overflow_temple_1_default, kennysheep_generic_room_7,
          uniq_prince_ribbit1

Skill      XL: |  1  2  3  4  5  6  7  8  9 |
---------------+----------------------------+-----
Spellcasting   | 5 6 |  6.7
Short Blades   | 1 2 3 4 |  4.3
Long Blades    | 1 2 3 4 |  4.3
Axes           | 1 2 3 4 |  4.3
Maces & Flails | 1 2 3 4 |  4.3
Staves         | 1 2 3 4 |  4.3
Slings         | 1 2 3 4 |  4.3
Bows           | 1 2 3 4 |  4.3
Crossbows      | 1 2 3 4 |  4.3
Throwing       | 1 2 3 4 |  4.3
Stealth        | 1 2 3 4 |  4.3
Shields        | 1 2 3 4 |  4.3
Unarmed Combat | 1 2 3 4 |  4.3
Invocations    | 1 2 3 4 |  4.8
Evocations     | 1 2 3 4 |  4.3
Conjurations   | 1 2 3 |  3.6
Hexes          | 1 2 3 |  3.6
Summonings     | 1 2 3 |  3.6
Necromancy     | 1 2 3 |  3.6
Translocations | 1 2 3 |  3.6
Transmutations | 1 2 3 |  3.6
Fire Magic     | 1 2 3 |  3.6
Ice Magic      | 1 2 3 |  3.6
Air Magic      | 1 2 3 |  3.6
Earth Magic    | 1 2 3 |  3.6
Poison Magic   | 1 2 3 |  3.6
Armour         | 3 4 5 |  5.1
Fighting       | 5 6 |  6.4
Polearms       | 5 6 |  6.4
Dodging        | 5 6 |  6.4
Charms         | 6 |  6.6

Action                   |  1- 3 |  4- 6 |  7- 9 || total
-------------------------+-------+-------+-------++-------
Melee: Spear             |    96 |   149 |    95 ||   340
       Bite              |     8 |     8 |    45 ||    61
       Trident           |       |       |   225 ||   225
       Punch             |       |       |     9 ||     9
Throw: Dart              |       |       |    54 ||    54
       Javelin           |       |       |     6 ||     6
 Cast: Infusion          |     1 |       |       ||     1
       Spectral Weapon   |     2 |    13 |    32 ||    47
  Use: Potion            |       |     2 |       ||     2
       Scroll            |       |       |     5 ||     5
 Stab: Distracted        |     1 |       |     2 ||     3
       Sleeping          |       |       |     6 ||     6
  Eat: Chunk             |       |     7 |    17 ||    24
       Ration            |       |       |     1 ||     1
Armor: Leather armour    |    17 |    15 |    60 ||    92
Dodge: Dodged            |    62 |    70 |   202 ||   334

Table legend:
 A = Non-vault XP
 B = Vault XP
 C = Vault XP percentage of total XP
 D = Non-vault monster count
 E = Vault monster count
 F = Vault count percentage of total count
                 A         B        C        D         E       F
            +---------+---------+-------+---------+---------+-------
      Total |    2694 |    1107 |  29.1 |     137 |      33 |  19.4
            +---------+---------+-------+---------+---------+-------
        D:1 |      32 |       6 |  15.8 |      19 |       3 |  13.6
        D:2 |     163 |     114 |  41.2 |      27 |       3 |  10.0
        D:3 |     186 |     584 |  75.8 |      29 |      18 |  38.3
        D:4 |     534 |     112 |  17.3 |      16 |       8 |  33.3
        D:5 |     375 |       0 |   0.0 |      14 |       0 |   0.0
        D:6 |     298 |       0 |   0.0 |      14 |       0 |   0.0
        D:7 |    1106 |     291 |  20.8 |      18 |       1 |   5.3
            +---------+---------+-------+---------+---------+-------
